Map: Abiogenesis LE

Players

fruitcake - Winner!

  • Race: Terran Terran
  • Spawn Location: 5:00

A.I. 1 (Harder)

  • Race: Zerg Zerg
  • Spawn Location: 11:00

VOD

Have the link to the VOD?

Description

Time

  • Played on: May 6, 2018, 7:29 a.m.
  • Length: 8:57
Show
View Real Time Build Order
Export as new Build Order

fruitcake Terran - Winner!

Build Orders: MMM Bio 

Get SALT Encoding   

  12  0:00  SCV  
  13  0:13  Supply Depot  
  13  0:18  SCV  
  14  0:26  Refinery  
  14  0:30  SCV  
  15  0:42  SCV  
  16  0:49  Barracks  
  16  0:54  SCV  
  17  1:03  Barracks  
  17  1:11  SCV  
  18  1:21  Engineering Bay  
  18  1:23  SCV  
  19  1:34  Supply Depot  
  19  1:35  SCV  
  19  1:37  Marine  
  21  1:55  Orbital Command  
  21  1:59  Barracks Reactor  
  21  2:06  Barracks Reactor  
  21  2:10  Refinery  
  21  2:23  Supply Depot  
  21  2:41  SCV  
  21  2:43  Terran Infantry Weapons Level 1  
  21  2:44  Marine x2  
  22  2:45  Marine x2  
  22  2:50  Supply Depot  
  26  2:53  SCV  
  27  3:02  Marine x2, Supply Depot  
  27  3:03  Marine x2  
  31  3:11  Supply Depot  
  31  3:19  Marine  
  31  3:20  Marine x2  
  31  3:21  Marine  
  35  3:37  Marine x2  
  35  3:38  Marine  
  35  3:39  Marine  
  39  3:44  Barracks  
  39  3:55  Marine x2  
  30  4:18  Marine x2  
  30  4:19  Marine x2  
  34  4:32  Barracks  
  34  4:36  Marine x3  
  34  4:37  Marine  
  37  4:51  Terran Infantry Armor Level 1  
  37  4:54  Marine x4  
  41  5:00  Barracks Tech Lab  
  41  5:12  Marine x4  
  45  5:21  Barracks Reactor  
  45  5:25  Stimpack  
  45  5:29  Marine  
  45  5:30  Marine x3  
  45  5:32  Marine  
  50  5:47  Marine x2  
  50  5:48  Marine x2  
  50  5:49  Marine  
  55  6:00  Marine  
  56  6:05  Marine x4  
  56  6:06  Marine  
  56  6:07  Marine  
  62  6:17  Marine  
  63  6:31  Supply Depot  
  63  6:38  Marine x7  
  70  6:45  Supply Depot  
  70  6:56  Marine x5  
  75  7:02  Marine x2  
  77  7:13  Marine  
  77  7:14  Marauder  
  80  7:18  Marine  
  80  7:20  Marine  
  82  7:24  Marine  
  82  7:26  Combat Shields  
  82  7:27  Marine  
  84  7:35  Marauder  
  82  7:57  Marauder  
Show
View Real Time Build Order
Export as new Build Order

A.I. 1 (Harder) Zerg 

Build Orders: Pool First 

Get SALT Encoding   

  12  0:00  Drone  
  13  0:12  Overlord  
  13  0:17  Drone  
  14  0:30  Drone x2  
  16  0:43  Spawning Pool  
  16  0:46  Drone  
  16  0:50  Drone  
  16  0:53  Extractor  
  16  0:55  Drone  
  17  1:06  Overlord  
  17  1:31  Zergling x4  
  17  1:32  Queen  
  21  1:38  Drone, Roach Warren  
  21  1:46  Baneling Nest  
  20  1:51  Drone  
  21  2:00  Drone  
  22  2:10  Zergling x2  
  23  2:21  Drone  
  24  2:32  Baneling x2, Overlord  
  24  2:39  Zergling x4, Drone, Metabolic Boost  
  24  2:44  Zergling x2  
  28  2:54  Zergling x2  
  28  2:55  Baneling  
  29  3:00  Baneling  
  29  3:05  Zergling x2  
  30  3:07  Extractor  
  30  3:10  Zergling x2, Drone  
  30  3:11  Zergling x2, Evolution Chamber  
  31  3:16  Drone  
  32  3:27  Drone  
  33  3:38  Drone  
  34  3:41  Overlord  
  34  3:42  Drone x2  
  36  3:50  Drone  
  37  4:00  Roach  
  33  4:11  Roach  
  33  4:14  Drone  
  33  4:17  Overlord  
  33  4:18  Roach, Lair  
  35  4:24  Roach  
  36  4:44  Zerg Melee Weapons Level 1  
  36  5:01  Zergling x2  
  37  5:19  Hydralisk Den  
  37  5:20  Drone  
  37  5:45  Spore Crawler  
  37  5:48  Hydralisk  
  37  5:49  Spore Crawler, Burrow  
  37  5:50  Drone  
  37  5:55  Roach  
  40  6:02  Roach  
  42  6:07  Overlord  
  42  6:08  Roach  
  44  6:13  Drone, Spine Crawler  
  44  6:15  Roach, Spine Crawler  
  45  6:18  Hatchery  
  45  6:19  Drone  
  45  6:20  Hydralisk  
  45  6:21  Drone  
  48  6:27  Hydralisk  
  50  6:33  Hydralisk  
  52  6:48  Overseer  
  52  6:59  Overseer, Queen  
  54  7:05  Infestation Pit, Drone  
  54  7:14  Evolution Chamber  
  53  7:30  Drone x2  
  53  7:31  Drone x4  
  53  7:36  Ravager, Pneumatized Carapace  
  60  7:38  Overlord  
  60  7:40  Extractor  
  60  7:43  Drone  
  59  7:50  Roach  
  36  7:56  Hydralisk  
  30  8:03  Drone x3  
  13  8:22  Drone  
  9  8:45  Hatchery  
Tags
 
Composition
MMM Bio
Matchup
TvZ
Opening
Pool First
Spawn Locations
Cross Positions
Add a new tag
Caveats
  • Supply blocks, unpowered buildings, or Contaminate may cause inaccurate times.
  • Supply counts are checked every 10 seconds.